 Dungeon Crawl Stone Soup version 0.24.0-123-gd5b16e6ec5 (webtiles) character file.

Game seed: 776289118463093345, levelgen mode: deterministic

47 1994 the Insei (level 3, 0/23 HPs)
             Began as an Octopode Transmuter on Feb 4, 2020.
             Slain by an ooze (2 damage)
             ... on level 1 of the Dungeon.
             The game lasted 00:04:09 (1825 turns).

1994 the Insei (Octopode Transmuter)                Turns: 1825, Time: 00:04:10

Health: 0/23       AC:  1    Str:  9    XL:     3   Next: 70%
Magic:  6/6        EV: 13    Int: 16    God:
Gold:   34         SH:  0    Dex: 12    Spells: 0/6 levels left

rFire    . . .     SeeInvis .     - Unarmed
rCold    . . .     Gourm    .   (no shield)
rNeg     . . .     Faith    .   (helmet restricted)
rPois    .         Spirit   .   (no amulet)
rElec    .         Reflect  .   (no ring)
rCorr    .         Harm     .   (no ring)
MR       .....                  (no ring)
Stlth    +++.......             (no ring)
HPRegen  0.07/turn              (no ring)
MPRegen  0.10/turn              (no ring)
                                (no ring)
                                (no ring)

@: no status effects
A: almost no armour, stealthy swim, amphibious, 8 rings, constrict 8, camouflage
1, gelatinous body 1
a: no special abilities


You were on level 1 of the Dungeon.
You were not hungry.

You visited 1 branch of the dungeon, and saw 1 of its levels.

You collected 34 gold pieces.

Inventory:

Missiles
 a - 12 arrows
 i - 8 stones (quivered)
 j - 27 sling bullets
Jewellery
 g - an uncursed ring of stealth {unknown}
Scrolls
 b - a scroll of magic mapping {unknown}
 d - 2 scrolls of identify {unknown}
 e - a scroll of enchant armour {unknown}
 f - a scroll of noise {unknown}
Potions
 h - a potion of curing {unknown}
Comestibles
 c - 2 rations
 k - 4 chunks of flesh


   Skills:
 + Level 1.3 Fighting
 - Level 2.0 Dodging
 * Level 1.9 Stealth
 * Level 3.3 Unarmed Combat
 + Level 2.2 Spellcasting
 * Level 2.6 Transmutations
 * Level 1.0 Poison Magic


You couldn't memorise any spells.
You knew the following spells:

 Your Spells              Type           Power        Failure   Level  Hunger
a - Beastly Appendage     Tmut           ##....       7%          1    #......
b - Sticks to Snakes      Tmut           ##......     11%         2    ###....
c - Spider Form           Tmut/Pois      #.........   28%         3    ###....

Your spell library contained the following spells:

 Spells                   Type           Power        Failure   Level  Hunger
 Ice Form                 Ice/Tmut       #.......     75%         4    #####..
 Blade Hands              Tmut           ##........   88%         5    ######.


Dungeon Overview and Level Annotations

Branches:
Dungeon (1/15)

Altars:


Innate Abilities, Weirdness & Mutations

You cannot wear most types of armour.
You are very stealthy in the water. (Stealth+)
You are amphibious.
You can wear up to eight rings at the same time.
You can use your tentacles to constrict eight enemies at once.
Your skin changes colour to match your surroundings (Stealth+).
Your rubbery body absorbs attacks. (AC +1, EV +1)


Message History

You see here a goblin skeleton.
You see here 20 bolts.
A kobold comes into view.
It is wielding a +0 whip. 2 jackals and an ooze come into view.
The kobold shouts!
The jackal barks!
The ooze quivers.
The jackal barks!
Found 18 stones.
The jackal bites you. The kobold hits you with a +0 whip. The ooze hits you.
You closely miss the kobold. Your grab misses the kobold. The ooze hits you.
The kobold hits you with a +0 whip. The jackal bites you.
The jackal bites you but does no damage.
You are too injured to fight recklessly!
You tentacle-slap the jackal. You grab the jackal.
The jackal is moderately wounded.
You constrict the jackal. The jackal closely misses you. x2
The kobold hits you with a +0 whip.
* * * LOW HITPOINT WARNING * * *
The ooze hits you.
You die...

##......[......#
#..###........#
#..# #........#
#... #........
#.#.##.########
#.............#
#......#.####.#
##..####h####.#
#..#..J@h....#
#. #.##K#......
# .. #......##
#.( ..###### ##
###


You could see an ooze, 2 jackals and a kobold.

Vanquished Creatures
  A gnoll (D:1)
  5 dart slugs (D:1)
  3 bats (D:1)
  3 giant cockroaches (D:1)
  A goblin (D:1)
  5 hobgoblins (D:1)
  4 kobolds (D:1)
  A frilled lizard (D:1)
  3 rats (D:1)
26 creatures vanquished.

Notes
Turn   | Place    | Note
-------+----------+-------------------------------------------
     0 | D:1      | 1994 the Octopode Transmuter began the quest for the Orb.
     0 | D:1      | Reached XP level 1. HP: 13/13 MP: 3/3
   332 | D:1      | Reached skill level 1 in Stealth
   332 | D:1      | Reached XP level 2. HP: 18/18 MP: 5/5
   343 | D:1      | Learned a level 2 spell: Sticks to Snakes
   968 | D:1      | Reached XP level 3. HP: 8/23 MP: 6/6
  1298 | D:1      | Learned a level 3 spell: Spider Form
  1762 | D:1      | Reached skill level 1 in Poison Magic
  1825 | D:1      | Slain by an ooze

Levels and vault maps discovered:
D:1:      elethiomel_arrival_infinity_welcomes_careful_drivers,
          layout_loops_cross, chequers_hall_statues_wall_a

Skill      XL: |  1  2  3 |
---------------+----------+-----
Stealth        | 1 |  1.9
Poison Magic   | 1 |  1.0
Fighting       | |  1.3
Dodging        | |  2.0
Unarmed Combat | |  3.3
Spellcasting   | |  2.2
Transmutations | |  2.6

Action                   || total
-------------------------++-------
Melee: Unarmed           ||    81
       Constrict         ||    16
       Tentacles         ||     9
       Kick              ||     1
       Punch             ||     1
 Cast: Beastly Appendage ||     1
       Spider Form       ||     1
 Stab: Sleeping          ||     7
  Eat: Chunk             ||     3
Armor: Skin              ||    10
Dodge: Dodged            ||    65
